Map: 라이트쉐이드 - 래더

Players

ByuN - Winner!

  • Race: Terran Terran
  • Spawn Location: 5:00

LiquidClem (Clem)

  • Race: Terran Terran
  • Spawn Location: 11:00

Event: StayAtHome Story Cup #3

VOD

Have the link to the VOD?

Description

Time

  • Played on: March 11, 2021, 7:49 a.m.
  • Length: 12:27

All games in this series

Show
View Real Time Build Order
Export as new Build Order

ByuN Terran - Winner!

Build Orders: Cyclone Opening 

Get SALT Encoding   

  12  0:00  SCV  
  13  0:12  SCV  
  14  0:17  Supply Depot  
  14  0:24  SCV  
  15  0:38  SCV  
  15  0:40  Barracks  
  16  0:43  Refinery  
  16  0:50  SCV  
  16  0:53  Refinery  
  17  1:03  SCV  
  18  1:15  SCV  
  19  1:27  Reaper, Orbital Command  
  19  1:30  Supply Depot  
  20  1:42  Factory  
  20  1:52  SCV  
  21  1:59  Reaper  
  22  2:05  SCV  
  23  2:17  Command Center  
  23  2:18  SCV  
  26  2:31  SCV  
  26  2:35  Factory Tech Lab  
  26  2:36  Barracks Reactor  
  25  2:39  Supply Depot  
  25  2:43  SCV  
  26  2:53  Cyclone  
  26  2:55  SCV  
  30  3:05  Starport  
  30  3:07  SCV  
  30  3:12  Marine x2  
  32  3:19  SCV  
  37  3:28  Siege Tank  
  37  3:31  Refinery, Orbital Command, Marine, SCV  
  37  3:33  Marine  
  39  3:43  SCV  
  40  3:49  Marine  
  40  3:51  Marine  
  42  3:55  SCV, Viking  
  42  4:00  SCV  
  46  4:07  Marine  
  46  4:08  SCV  
  46  4:09  Marine  
  49  4:12  SCV  
  48  4:18  Refinery  
  48  4:20  SCV  
  49  4:24  SCV  
  49  4:30  Factory Tech Lab  
  50  4:32  SCV  
  50  4:35  Raven  
  53  4:40  SCV  
  53  4:41  Command Center  
  54  4:47  Supply Depot  
  54  4:56  SCV  
  54  4:57  SCV  
  54  4:59  Siege Tank  
  54  5:06  Marine  
  52  5:08  SCV  
  52  5:09  SCV  
  50  5:21  SCV x2  
  52  5:29  Starport Reactor  
  52  5:32  Siege Tank  
  52  5:33  SCV x2  
  52  5:35  Barracks  
  57  5:36  Barracks  
  57  5:40  Marine  
  57  5:41  Stimpack  
  58  5:45  SCV x2  
  58  5:47  Supply Depot  
  60  5:58  Marine, Engineering Bay, Orbital Command  
  60  5:59  Engineering Bay  
  60  6:01  SCV x2  
  63  6:09  Siege Tank  
  66  6:13  SCV x2  
  66  6:16  Marine  
  67  6:24  SCV  
  67  6:25  Terran Infantry Armor Level 1, Terran Infantry Weapons Level 1, SCV x2  
  62  6:27  Marine  
  62  6:28  Marine  
  62  6:29  Refinery  
  62  6:32  Starport Reactor  
  63  6:34  Marine  
  63  6:37  Marine x2  
  63  6:41  Siege Tank  
  63  6:45  Marine x2  
  68  6:48  SCV x2  
  68  6:52  Marine, Supply Depot  
  71  6:56  Marine x2  
  73  7:03  Marine x2  
  74  7:09  Marine  
  74  7:13  Marine, Siege Tank  
  74  7:14  Marine  
  80  7:16  Orbital Command  
  80  7:17  Medivac  
  80  7:21  Marine x2  
  84  7:23  Supply Depot  
  84  7:24  Supply Depot  
  84  7:27  SCV x2, Marine  
  84  7:29  Combat Shield  
  86  7:32  Marine x2  
  88  7:39  SCV x2, Marine x2  
  88  7:42  SCV  
  80  7:45  Marine, Siege Tank  
  80  7:49  Marine  
  80  7:50  Marine  
  81  7:51  SCV x2  
  81  7:54  SCV  
  81  7:57  Marine x2  
  79  8:03  SCV  
  79  8:04  SCV  
  81  8:06  Marine  
  81  8:07  Marine x2  
  81  8:08  Medivac  
  86  8:17  Barracks x2  
  86  8:18  Siege Tank  
  89  8:20  SCV x2  
  89  8:21  Armory  
  89  8:22  SCV  
  80  8:28  Marine  
  80  8:30  Marine x3  
  80  8:31  Marine  
  80  8:32  SCV x2  
  86  8:35  Refinery x2  
  86  8:37  SCV  
  87  8:46  Marine  
  87  8:48  Marine x3  
  89  8:50  SCV  
  89  8:51  SCV x2  
  89  8:54  Sensor Tower  
  89  8:55  Siege Tank  
  97  8:59  Supply Depot  
  97  9:00  Factory  
  97  9:03  SCV x3, Missile Turret  
  97  9:04  Barracks Reactor, Marine  
  97  9:05  Barracks Reactor x2  
  97  9:06  Marine x3  
  104  9:10  Medivac x2  
  108  9:19  Terran Infantry Weapons Level 2  
  108  9:21  Terran Infantry Armor Level 2  
  108  9:22  Marine  
  108  9:23  Marine  
  108  9:24  Marine  
  110  9:28  Marine  
  106  9:34  Siege Tank  
  103  9:40  Marine  
  103  9:41  Marine x2  
  106  9:46  Marine  
  107  9:54  Marine x5  
  107  9:55  Command Center  
  107  9:57  Marine x2  
  107  9:59  Marine x2  
  114  10:02  Medivac  
  114  10:04  Marine  
  114  10:06  Siege Tank  
  114  10:11  Marine  
  114  10:12  Marine x3, Terran Vehicle Weapons Level 1  
  117  10:17  Supply Depot x3  
  117  10:20  Supply Depot  
  117  10:22  Supply Depot  
  117  10:23  Supply Depot  
  117  10:25  Marine x4, Siege Tank  
  124  10:38  Viking x2  
  124  10:39  SCV x2  
  124  10:40  SCV  
  131  10:49  Missile Turret  
  131  10:51  Marine x10  
  141  10:58  Siege Tank x2  
  147  11:06  SCV x3, Planetary Fortress  
  147  11:08  Viking x2  
  147  11:09  Sensor Tower  
  154  11:19  Marine x10  
  164  11:35  Siege Tank x2, Supply Depot x2  
  164  11:38  Marine x2, Viking x2  
  164  11:39  Marine x2  
  176  12:02  Marine x2  
  176  12:03  Marine x5  
  176  12:07  Marine x3  
  171  12:17  Starport x2  
Show
View Real Time Build Order
Export as new Build Order

LiquidClem Terran 

Build Orders:  

Get SALT Encoding   

  12  0:00  SCV  
  13  0:12  SCV  
  14  0:17  Supply Depot  
  14  0:24  SCV  
  15  0:38  SCV  
  15  0:40  Barracks  
  16  0:43  Refinery  
  16  0:50  SCV  
  16  0:53  Refinery  
  17  1:03  SCV  
  18  1:15  SCV  
  19  1:26  Barracks Reactor  
  19  1:27  Orbital Command  
  19  1:28  Supply Depot  
  19  1:40  Factory  
  19  1:52  SCV  
  20  2:03  Reaper x2  
  20  2:05  SCV  
  23  2:24  Hellion  
  23  2:26  SCV  
  26  2:35  Reaper x2  
  26  2:36  Supply Depot  
  28  2:40  Command Center  
  28  2:41  SCV  
  29  2:48  Hellion  
  31  2:54  Starport  
  31  2:58  SCV  
  32  3:07  Marine x2  
  32  3:10  SCV, Factory Tech Lab  
  35  3:22  SCV  
  35  3:24  Marine x2  
  38  3:30  Refinery  
  38  3:34  Siege Tank  
  39  3:37  SCV  
  36  3:49  SCV, Marine x2  
  36  3:54  Medivac  
  38  3:58  Orbital Command  
  38  4:02  SCV  
  38  4:09  Marine x2  
  37  4:14  SCV  
  38  4:20  Siege Tank  
  41  4:25  SCV  
  41  4:27  SCV  
  43  4:32  Marine x2  
  45  4:39  Viking  
  45  4:44  Supply Depot  
  47  4:47  SCV  
  47  4:49  SCV  
  49  4:55  Marine x2  
  49  4:59  SCV  
  45  5:01  SCV  
  40  5:11  SCV  
  40  5:13  SCV, Marine x2  
  42  5:16  Siege Tank  
  41  5:26  SCV  
  41  5:28  SCV  
  43  5:37  Viking x2  
  43  5:38  Marine  
  43  5:39  SCV  
  43  5:40  SCV  
  50  5:47  Supply Depot  
  50  5:51  Siege Tank  
  50  5:54  SCV x2  
  55  6:01  Barracks Reactor  
  55  6:03  Supply Depot  
  55  6:07  Viking  
  54  6:19  SCV  
  53  6:26  SCV, Siege Tank  
  57  6:36  SCV  
  57  6:37  Command Center  
  57  6:38  SCV  
  54  6:45  Viking x2  
  59  6:47  Barracks Tech Lab  
  59  6:48  SCV  
  59  6:50  SCV  
  59  6:58  Siege Tank  
  59  7:01  SCV, Supply Depot  
  62  7:06  Marine  
  62  7:08  SCV, Stimpack  
  63  7:14  Viking, Supply Depot  
  66  7:17  Viking  
  66  7:19  SCV  
  69  7:23  Refinery, SCV  
  69  7:24  Marine  
  69  7:28  Barracks  
  71  7:32  Siege Tank  
  71  7:34  SCV  
  75  7:42  Marine  
  69  7:50  Barracks  
  69  7:56  Viking  
  64  8:00  Marine  
  64  8:01  Viking  
  64  8:04  Siege Tank  
  64  8:05  SCV x2  
  67  8:12  Engineering Bay x2  
  67  8:18  Barracks Reactor, Marine  
  68  8:24  SCV  
  68  8:25  SCV  
  67  8:33  Orbital Command  
  61  8:36  SCV, Marine  
  61  8:37  Siege Tank  
  61  8:40  Terran Infantry Weapons Level 1  
  61  8:41  Terran Infantry Armor Level 1  
  66  8:42  Barracks Reactor  
  66  8:43  SCV  
  67  8:48  SCV  
  67  8:49  Viking  
  67  8:53  Marine  
  71  8:55  SCV  
  71  8:56  Viking  
  71  8:58  Marine x2  
  71  8:59  SCV  
  71  9:01  SCV  
  78  9:04  Combat Shield  
  78  9:08  SCV, Missile Turret  
  79  9:12  SCV, Bunker  
  79  9:17  Marine x2  
  79  9:18  Siege Tank  
  79  9:19  Marine x2  
  79  9:22  SCV  
  81  9:24  SCV  
  81  9:25  SCV  
  81  9:27  Marine  
  79  9:35  SCV, Marine x2  
  79  9:36  SCV  
  79  9:37  Marine  
  79  9:38  Marine  
  82  9:43  Viking x2  
  82  9:44  Marine  
  85  9:47  SCV  
  85  9:49  Supply Depot  
  77  9:52  Marine  
  77  9:53  Marine  
  77  9:55  Marine  
  77  9:56  Marine  
  77  9:57  Supply Depot  
  77  9:59  Siege Tank  
  83  10:02  SCV, Marine  
  83  10:04  SCV  
  82  10:09  Orbital Command  
  82  10:10  Marine x2  
  83  10:17  Liberator  
  83  10:18  Marine  
  83  10:19  SCV  
  83  10:20  Marine  
  83  10:21  SCV  
  90  10:26  Supply Depot  
  90  10:30  Marine x3  
  92  10:36  Marine, Siege Tank  
  92  10:38  SCV  
  92  10:41  SCV  
  98  10:43  SCV  
  98  10:49  Marine  
  100  10:51  SCV  
  100  10:52  Armory  
  100  10:54  SCV, Marine  
  103  10:57  Viking  
  103  10:58  Marine  
  103  10:59  Marine  
  107  11:07  Refinery, SCV, Sensor Tower  
  107  11:09  SCV  
  107  11:13  Siege Tank  
  107  11:15  SCV  
  109  11:19  Refinery, SCV, Marine  
  109  11:20  Marine  
  109  11:24  Viking  
  114  11:28  SCV  
  114  11:29  SCV  
  114  11:31  Supply Depot  
  114  11:32  Marine  
  117  11:37  Marine x2  
  117  11:39  Viking  
  121  12:00  Marine x2  
  118  12:03  Marine x2  
  118  12:08  Marine  
  117  12:15  SCV x2  
Tags
 
Add a new tag
Caveats
  • Supply blocks, unpowered buildings, or Contaminate may cause inaccurate times.
  • Supply counts are checked every 10 seconds.